 Dungeon Crawl Stone Soup version 0.18.1-48-g4cf74bf (webtiles) character file.

152 PossumBlood the Archer (level 5, -5/34 HPs)
             Began as a High Elf Hunter on Aug 13, 2016.
             Killed by nerve-wracking pain
             ... invoked by Grinder
              (9 damage)
             ... on level 3 of the Dungeon.
             The game lasted 00:04:36 (1937 turns).

PossumBlood the Archer (High Elf Hunter)            Turns: 1937, Time: 00:04:37

Health: -5/34      AC:  7    Str: 11    XL:     5   Next: 11%
Magic:  6/6        EV: 12    Int: 15    God:
Gold:   177        SH:  0    Dex: 16    Spells: 0 memorised, 4 levels left

rFire  . . .     SeeInvis .     a - +1 shortbow
rCold  . . .     Gourm    .     c - +0 leather armour
rNeg   . . .     Faith    .     (shield currently unavailable)
rPois  .         Spirit   .     q - +2 helmet
rElec  .         Dismiss  .     j - +0 cloak
rCorr  .         Reflect  .     (no gloves)
SustAt .         Harm     .     (no boots)
MR     .....                    (no amulet)
Stlth  +.........               (no ring)
                                (no ring)

@: drained, not resistant to hostile enchantments, very unstealthy
A: no striking features
a: no special abilities


You were on level 3 of the Dungeon.
You were not hungry.

You visited 1 branch of the dungeon, and saw 3 of its levels.

You collected 177 gold pieces.

Inventory:

Hand Weapons
 a - a +1 shortbow (weapon)
 b - a +0 short sword
 g - a +4 quarterstaff of chaos
Missiles
 d - 37 arrows (quivered)
Armour
 c - a +0 leather armour (worn)
 j - a +0 cloak (worn)
 q - a +2 helmet (worn)
Jewellery
 l - an uncursed amulet of faith {unknown}
Scrolls
 h - a scroll of immolation {unknown}
 k - 2 scrolls of identify {unknown}
 m - 4 scrolls of fear {unknown}
 o - a scroll of enchant armour {unknown}
 p - a scroll of recharging {unknown}
Potions
 e - a potion of mutation {unknown}
 r - a potion of degeneration {unknown}
Comestibles
 f - a bread ration
 i - 2 meat rations
 n - a beef jerky


   Skills:
 - Level 2.0(1.6) Fighting
 * Level 8.5(8.1) Bows
 - Level 2.1(1.8) Dodging
 - Level 1.1(0.7) Stealth


You had 4 spell levels left.
You didn't know any spells.

Dungeon Overview and Level Annotations

Branches:
Dungeon (3/15)

Altars:
Trog

Annotations:
D:3 Grinder


Message History

Aim: Grinder (heavily wounded)
You shoot an arrow. The arrow hits Grinder.
Grinder is heavily wounded.
Firing (i - inventory):
d - 39 arrows (quivered)
Press: ? - help, Shift-Dir - straight line, f/p - Grinder
Aim: Grinder (heavily wounded)
You shoot an arrow. The arrow barely misses Grinder.
Firing (i - inventory):
d - 38 arrows (quivered)
Press: ? - help, Shift-Dir - straight line, f/p - Grinder
Aim: Grinder (heavily wounded)
You shoot an arrow.
The arrow hits Grinder but does no damage.
Grinder is heavily wounded.
Grinder hits you.
* * * LOW HITPOINT WARNING * * *
You writhe in agony.
* * * LOW HITPOINT WARNING * * *
Grinder gestures at you. Pain shoots through your body!
You die...

... ..# ..# .
#.(##.. ..... ...#
.##########...#
.......<@.5...#
.##########(......
(...... ((####.
... .... .((##
..##


You could see Grinder.

Vanquished Creatures
  Crazy Yiuf (D:2)
  Jessica (D:2)
  Robin (D:2)
  3 adders (D:2)
  An ooze (D:1)
  2 dart slugs
  6 bats
  A giant cockroach (D:2)
  2 hobgoblins (D:2)
  8 jackals (D:1)
  4 kobolds
  A ball python (D:1)
  A giant newt (D:2)
  13 goblins
  4 rats
49 creatures vanquished.

Notes
Turn   | Place    | Note
--------------------------------------------------------------
     0 | D:1      | PossumBlood the High Elf Hunter began the quest for the Orb.
     0 | D:1      | Reached XP level 1. HP: 14/14 MP: 2/2
   159 | D:1      | Reached XP level 2. HP: 19/19 MP: 3/3
   162 | D:1      | Reached skill level 6 in Bows
   367 | D:1      | Reached XP level 3. HP: 20/24 MP: 4/4
   553 | D:2      | Noticed Jessica
   556 | D:2      | Killed Jessica
   556 | D:2      | Reached skill level 7 in Bows
   736 | D:2      | Noticed Robin
   757 | D:2      | Killed Robin
   757 | D:2      | Reached XP level 4. HP: 12/29 MP: 5/5
  1336 | D:2      | Found a bloodstained altar of Trog.
  1337 | D:2      | Reached skill level 8 in Bows
  1376 | D:2      | Noticed Crazy Yiuf
  1389 | D:2      | Killed Crazy Yiuf
  1708 | D:2      | Reached XP level 5. HP: 34/34 MP: 6/6
  1917 | D:3      | Noticed Grinder
  1923 | D:3      | Paralysed by Grinder for 6 turns
  1937 | D:3      | Killed from afar by Grinder

Skill      XL: |  1  2  3  4 |
---------------+-------------+-----
Bows           | 6 7 8 |  8.5
Fighting       | |  2.0
Dodging        | |  2.1
Stealth        | |  1.1

Action                   |  1- 3 |  4- 6 || total
-------------------------+-------+-------++-------
Melee: Short sword       |     8 |    16 ||    24
 Fire: Shortbow          |    69 |    63 ||   132
  Use: Potion            |     4 |       ||     4
  Eat: Bread ration      |       |     1 ||     1
Armor: Leather armour    |     3 |     9 ||    12
       Skin              |    36 |    46 ||    82
Dodge: Dodged            |    31 |    14 ||    45
